Map: Port Aleksander LE

Players

liquidthermy (uThermal)

  • Race: Terran Terran
  • Spawn Location: 11:00

goblin - Winner!

  • Race: Protoss Protoss
  • League: Master
  • Spawn Location: 5:00

Event: 2019 WCS Winter Europe

VOD

Have the link to the VOD?

Description

Time

  • Played on: Jan. 31, 2019, 9:32 a.m.
  • Length: 13:26

All games in this series

Show
View Real Time Build Order
Export as new Build Order

liquidthermy Terran 

Build Orders: Reaper Expand 

Get SALT Encoding   

  12  0:02  SCV  
  13  0:14  SCV  
  14  0:18  Supply Depot  
  14  0:26  SCV  
  15  0:39  SCV  
  15  0:40  Barracks  
  16  0:45  Refinery  
  16  0:51  SCV  
  17  1:04  SCV  
  18  1:16  SCV  
  19  1:27  Reaper  
  19  1:28  Orbital Command  
  20  1:43  Command Center  
  21  1:54  SCV  
  21  1:55  Supply Depot  
  21  1:59  Marine  
  22  2:06  SCV  
  23  2:09  Factory  
  23  2:17  Refinery  
  23  2:18  SCV  
  23  2:21  Barracks Reactor  
  24  2:30  SCV  
  25  2:42  SCV  
  26  2:53  Hellion  
  26  2:54  Starport  
  26  2:55  SCV, Orbital Command  
  29  3:01  Marine  
  29  3:02  Marine  
  30  3:07  SCV  
  31  3:15  Widow Mine  
  31  3:19  SCV, Marine x2  
  34  3:22  SCV  
  36  3:30  Viking  
  36  3:31  SCV  
  36  3:32  Orbital Command  
  39  3:34  SCV  
  39  3:37  Marine x2  
  42  3:43  SCV  
  42  3:44  Factory Tech Lab  
  40  3:52  Supply Depot  
  40  3:55  SCV, Marine  
  41  4:00  Marine  
  43  4:03  Siege Tank  
  46  4:14  SCV, Marine  
  48  4:17  SCV, Command Center  
  48  4:18  Marine  
  48  4:23  Supply Depot  
  50  4:29  SCV  
  50  4:30  SCV  
  52  4:40  Starport Tech Lab  
  52  4:41  Widow Mine, Barracks  
  52  4:44  SCV  
  52  4:45  Barracks  
  55  4:46  SCV  
  55  4:49  Marine  
  55  4:50  Stimpack, Supply Depot  
  57  4:56  SCV  
  57  4:58  SCV  
  58  5:06  Bunker, Factory Reactor  
  58  5:07  Starport Reactor  
  58  5:08  SCV  
  58  5:10  Engineering Bay, Marine  
  58  5:11  SCV, Refinery  
  61  5:21  SCV  
  62  5:26  SCV  
  63  5:30  Orbital Command  
  63  5:33  SCV  
  63  5:35  Marine  
  65  5:37  Marine  
  65  5:38  SCV, Marine  
  65  5:40  Combat Shield  
  65  5:41  Marauder  
  68  5:42  Terran Infantry Weapons Level 1  
  68  5:45  SCV, Missile Turret  
  68  5:47  Refinery  
  68  5:48  Missile Turret  
  68  5:49  Widow Mine  
  71  5:51  SCV  
  71  5:52  Medivac  
  71  5:55  Medivac  
  76  5:59  Supply Depot  
  76  6:00  SCV  
  76  6:01  Marine  
  76  6:02  Marine  
  77  6:06  SCV  
  77  6:08  Orbital Command  
  77  6:10  Widow Mine x2  
  82  6:17  SCV  
  83  6:18  Missile Turret, Supply Depot  
  83  6:23  Supply Depot  
  83  6:24  Medivac  
  83  6:25  SCV  
  85  6:27  Marauder, Marine x2  
  85  6:30  Medivac  
  91  6:34  SCV  
  91  6:35  SCV, Supply Depot  
  93  6:40  Widow Mine x2  
  93  6:44  SCV, Marine  
  93  6:45  Missile Turret  
  96  6:49  SCV x2  
  96  6:50  Marine  
  96  6:51  Marauder  
  96  6:52  Marine  
  102  6:54  Concussive Shells  
  102  6:58  SCV  
  102  7:02  Marine, Supply Depot  
  103  7:08  Marine  
  103  7:12  SCV x3, Factory, Marauder  
  109  7:20  Barracks, Factory Tech Lab  
  109  7:22  Barracks  
  109  7:24  SCV  
  109  7:25  Armory  
  109  7:26  SCV  
  109  7:28  Marine x2  
  111  7:31  SCV  
  111  7:36  SCV  
  113  7:37  Terran Infantry Armor Level 1  
  113  7:38  SCV  
  113  7:39  Refinery  
  113  7:40  Marauder, Refinery, Marine  
  113  7:42  Supply Depot  
  113  7:43  SCV  
  118  7:49  SCV  
  119  7:55  SCV  
  119  7:56  Factory Tech Lab  
  119  7:57  Supply Depot, Marine x2  
  119  7:58  Marine  
  123  8:02  Supply Depot  
  123  8:03  Supply Depot  
  122  8:09  Barracks Reactor  
  122  8:14  Thor  
  122  8:16  Thor  
  129  8:20  Terran Vehicle Weapons Level 1  
  129  8:21  Marine  
  129  8:26  Marine x2  
  130  8:27  Command Center  
  131  8:37  Medivac x2  
  131  8:38  Marine  
  131  8:39  Supply Depot, Marine  
  137  8:47  Marine  
  137  8:48  Marine  
  138  8:52  Factory  
  139  8:57  Thor  
  139  9:01  Thor  
  139  9:02  Marine x3  
  149  9:07  Marine  
  149  9:08  Sensor Tower, Marine  
  152  9:15  Marine  
  153  9:20  Engineering Bay  
  153  9:21  Supply Depot  
  153  9:25  Marine x3  
  153  9:28  Supply Depot  
  153  9:29  Medivac  
  153  9:30  Terran Infantry Weapons Level 2, Medivac  
  160  9:35  Marine  
  159  9:45  Thor, Factory Tech Lab  
  159  9:47  Thor  
  159  9:49  SCV  
  159  9:50  SCV  
  159  9:52  SCV  
  174  9:55  Marine x2  
  176  10:01  SCV, Missile Turret  
  176  10:03  SCV  
  176  10:04  SCV  
  179  10:08  Thor  
  179  10:11  Planetary Fortress  
  179  10:13  SCV  
  186  10:16  Marine  
  186  10:18  Marine x2  
  188  10:24  Refinery  
  188  10:25  Terran Infantry Armor Level 2, Refinery  
  188  10:26  Terran Vehicle Weapons Level 2  
  188  10:28  Marine x2  
  190  10:29  Marine  
  190  10:30  Marine  
  190  10:33  Marine  
  189  10:44  Thor  
  189  10:45  Marine  
  189  10:48  Supply Depot  
  196  10:51  Command Center  
  196  11:03  Armory  
  196  11:07  Factory x2  
  196  11:10  Marine x6  
  157  11:21  Thor  
  157  11:24  Thor  
  135  11:27  Marine x4  
  135  11:28  Marine x2  
  135  11:29  Thor  
  143  11:33  Orbital Command  
  143  11:45  Marine x4  
  143  11:46  Marine x2  
  149  11:54  Marine, Factory Tech Lab  
  146  11:55  Factory Tech Lab  
  147  12:03  Marine  
  147  12:04  Thor  
  147  12:07  Thor  
  147  12:08  SCV, Marine x2  
  161  12:09  SCV  
  161  12:10  Marine  
  161  12:11  Marine x2  
  161  12:14  Refinery  
  168  12:18  Sensor Tower  
  168  12:20  Sensor Tower  
  167  12:25  Refinery  
  167  12:28  Marine  
  159  12:30  Missile Turret  
  159  12:32  Siege Tank x2  
  159  12:33  Marine x2  
  159  12:34  Marine x2  
  169  12:39  Planetary Fortress  
  169  12:42  Marine  
  170  12:51  SCV, Siege Tank  
  171  12:53  Siege Tank  
Show
View Real Time Build Order
Export as new Build Order

goblin Protoss - Winner!

Build Orders: 1 Gate Expand, Phoenix Opening, Colossus Rush 

Get SALT Encoding   

  12  0:00  Probe  
  13  0:12  Probe  
  14  0:18  Pylon  
  14  0:24  Probe  
  15  0:32  Probe  
  15  0:38  Gateway  
  15  0:41  Probe  
  16  0:47  Assimilator  
  17  0:51  Probe  
  18  1:03  Probe  
  19  1:15  Probe  
  20  1:26  Cybernetics Core  
  20  1:40  Nexus  
  20  1:44  Pylon  
  20  1:47  Probe  
  20  1:52  Adept  
  21  1:55  Assimilator  
  21  1:59  Probe  
  24  2:11  Probe  
  25  2:22  Stalker, Probe  
  28  2:30  Probe  
  28  2:37  Stargate  
  28  2:38  Probe  
  29  2:48  Probe  
  29  2:50  Probe  
  30  2:52  Stalker  
  30  2:54  Warp Gate  
  30  2:56  Probe  
  33  3:02  Probe  
  35  3:06  Probe  
  36  3:14  Phoenix, Probe  
  36  3:18  Probe  
  38  3:26  Probe  
  41  3:30  Probe  
  42  3:34  Pylon  
  42  3:38  Probe  
  41  3:42  Phoenix  
  41  3:45  Probe  
  41  3:48  Assimilator  
  44  3:50  Probe  
  44  3:51  Assimilator  
  44  3:55  Probe  
  45  3:57  Robotics Facility  
  45  4:00  Pylon  
  45  4:02  Probe  
  47  4:03  Probe  
  48  4:10  Phoenix  
  48  4:14  Probe x2  
  52  4:24  Gateway x2  
  52  4:26  Probe x2  
  54  4:35  Phoenix  
  54  4:37  Observer  
  56  4:43  Sentry  
  59  4:47  Probe x2  
  61  4:55  Robotics Bay  
  61  4:59  Observer  
  62  5:01  Pylon  
  62  5:07  Nexus  
  62  5:10  Immortal  
  62  5:14  Pylon  
  62  5:21  Observer  
  66  5:27  Phoenix  
  68  5:29  Probe x2  
  68  5:32  Colossus  
  68  5:33  Pylon  
  76  5:51  Phoenix  
  76  5:56  Probe  
  79  6:00  Forge  
  79  6:01  Gateway  
  79  6:05  Gateway x2  
  79  6:07  Extended Thermal Lance  
  79  6:09  Probe  
  80  6:11  Pylon  
  80  6:14  Probe  
  81  6:19  Probe  
  81  6:21  Phoenix, Probe  
  81  6:22  Observer, Probe  
  81  6:23  Colossus  
  85  6:27  Probe  
  85  6:30  Probe  
  93  6:33  Probe  
  93  6:35  Protoss Ground Weapons Level 1  
  95  6:46  Phoenix  
  97  6:47  Probe  
  97  6:48  Probe  
  97  6:50  Assimilator, Probe  
  97  6:51  Assimilator  
  97  6:53  Observer  
  100  6:55  Pylon  
  100  7:02  Observer  
  100  7:03  Probe x2  
  100  7:04  Probe  
  100  7:07  Pylon  
  103  7:09  Colossus  
  103  7:11  Twilight Council  
  103  7:12  Pylon  
  103  7:14  Phoenix, Observer  
  105  7:18  Probe x2  
  113  7:32  Probe x2  
  113  7:33  Forge  
  115  7:38  Adept x3  
  115  7:39  Zealot  
  115  7:41  Probe  
  124  7:44  Probe  
  124  7:51  Charge  
  124  7:53  Templar Archives  
  124  7:56  Gateway  
  124  7:57  Gateway  
  124  8:04  Observer, Protoss Ground Armor Level 1  
  125  8:07  Pylon  
  125  8:09  Protoss Ground Weapons Level 2  
  125  8:13  Pylon  
  125  8:22  Zealot x4  
  125  8:25  Colossus  
  139  8:30  Pylon  
  139  8:31  Pylon  
  139  8:35  Psionic Storm  
  139  8:38  Zealot x2  
  143  8:47  High Templar  
  143  8:48  High Templar  
  147  8:49  Pylon  
  147  8:50  Pylon  
  147  8:54  Observer  
  145  9:03  Nexus  
  145  9:05  Pylon  
  145  9:07  High Templar x2, Pylon  
  149  9:11  Assimilator  
  149  9:12  Zealot x2  
  149  9:13  Zealot x2, Assimilator  
  157  9:20  Immortal  
  157  9:23  Probe  
  162  9:35  Phoenix  
  162  9:38  Protoss Ground Armor Level 2  
  156  9:48  Zealot x2, High Templar x2  
  156  9:51  Protoss Ground Weapons Level 3  
  156  9:52  Observer  
  164  9:59  Immortal  
  168  10:01  Archon  
  168  10:04  Phoenix  
  170  10:08  Stalker x3, Zealot x2  
  180  10:26  Gateway  
  180  10:29  Gateway  
  180  10:30  Pylon  
  180  10:38  Immortal  
  182  10:48  Stalker x2, Zealot, High Templar x2  
  182  10:49  Zealot x3  
  198  10:59  Archon  
  198  11:04  Nexus, Blink  
  198  11:05  Pylon  
  192  11:14  Colossus  
  164  11:19  Observer  
  144  11:30  High Templar x2  
  144  11:31  Zealot x3  
  144  11:32  Zealot, High Templar x2  
  156  11:33  Zealot x2  
  154  12:02  Stalker  
  154  12:03  Stalker x7  
  154  12:04  Zealot x2  
  154  12:08  Observer  
  175  12:19  Robotics Facility  
  175  12:29  Observer  
  176  12:44  Zealot x2  
  176  12:45  Zealot x5, Warp Prism  
  176  12:48  Stargate, Fleet Beacon  
  192  12:58  Stargate  
  188  13:07  Archon  
  188  13:08  Archon  
Tags
 
Add a new tag
Caveats
  • Supply blocks, unpowered buildings, or Contaminate may cause inaccurate times.
  • Supply counts are checked every 10 seconds.